cohdb
Replays
Latest Replays
All Replays
Popular Replays
Top Player Replays
Match Explorer
How It Works
Community
CoH3 Stats
Reddit
Sign in to upload your games and track your stats! →
Sign in with Steam
Match 43757524
Unlisted
Match 43757524
Overview
Messages
Build Orders
End
Royal Engineer Section
Construct Section Command Post
Infantry Section
Infantry Section
Infantry Section
Construct Platoon Command Post
Humber Armored Car
Infantry Section
6-pounder Anti-tank Gun Team
6-pounder Anti-tank Gun Team
Grenade Package
Construct Company Command Post
Crusader II Medium Tank
Crusader II Medium Tank
Crusader II Medium Tank
Crusader II Medium Tank
Crusader II Medium Tank
Foot Guards Section
Selects Air and Sea Battlegroup
Selects Supply Surplus
Selects UNKNOWN (223837)
Selects Assault Flares
Crusader II Medium Tank
Selects Commando Section Paradrop
Selects Commando Support Section Paradrop
Selects Anti-tank Rocket Loiter
Armored Vehicle Training
Anti-tank Rocket Loiter
Team Weapon Training
Anti-tank Rocket Loiter
*Mule
FeriG
Symbiosis
CAuMOH
0
0
Comments
sign in to comment!
No comments posted yet!